 Dungeon Crawl Stone Soup version 0.16.1-30-g34a7ffa (webtiles) character file.

96 Razmath the Sneak (level 4, -4/27 HPs)
             Began as a Tengu Assassin on June 20, 2015.
             Slain by a worm (10 damage)
             ... on level 1 of the Dungeon.
             The game lasted 00:17:31 (1247 turns).

Razmath the Sneak (Tengu Assassin)                  Turns: 1247, Time: 00:17:31

Health: -4/27      AC:  3    Str: 12    XL:     4   Next: 67%
Magic:  5/5        EV: 13    Int: 11    God:
Gold:   91         SH:  0    Dex: 16    Spells: 0 memorised, 3 levels left

rFire  . . .     SeeInvis .     r - +1 short sword (elec)
rCold  . . .     Clarity  .     c - +0 robe
rNeg   . . .     SustAb   .     (no shield)
rPois  .         Gourm    .     (helmet restricted)
rElec  .         Spirit   .     d - +0 cloak
rCorr  +         Warding  .     (no gloves)
rMut   .         Stasis   .     (boots unavailable)
MR     .....                    u - amulet of resist corrosion
Stlth  +++.......               (no ring)
                                (no ring)

@: not resistant to hostile enchantments, fairly stealthy
A: beak, talons 3
a: no special abilities


You were on level 1 of the Dungeon.
You were very hungry.

You visited 1 branch of the dungeon, and saw 1 of its levels.

You collected 91 gold pieces.

Inventory:

Hand weapons
 a - a +2 dagger
 b - a +0 blowgun
 h - a +0 dagger
 o - a +0 dagger
 r - a +1 short sword of electrocution (weapon)
 s - a +0 dagger
Missiles
 e - 8 poisoned needles
 f - 2 curare-tipped needles
 v - a stone (quivered)
Armour
 c - a +0 robe (worn)
 d - a +0 cloak (worn)
 p - a +0 robe
 t - a +0 cloak
Jewellery
 q - an uncursed amulet of the gourmand
 u - an amulet of resist corrosion (around neck)
Scrolls
 i - a scroll of blinking {unknown}
 j - a scroll of identify {unknown}
 l - a scroll of fog {unknown}
 m - a scroll of noise {unknown}
 n - a scroll of enchant armour {unknown}
Potions
 k - 2 potions of flight {unknown}
Comestibles
 g - 2 bread rations


   Skills:
 + Level 2.4 Fighting
 + Level 2.3 Short Blades
 + Level 2.4 Throwing
 + Level 2.1 Dodging
 + Level 5.1 Stealth
 - Level 1.3 Unarmed Combat


You had 3 spell levels left.
You didn't know any spells.

Dungeon Overview and Level Annotations

Branches:
Dungeon (1/15)

Altars:


Innate Abilities, Weirdness & Mutations

You have a beak for a mouth.
You have claws for feet.


Message History

You kill the jelly!
Your Dodging skill increases to level 2!
Your Stealth skill increases to level 5!
The jackal bites you but does no damage.
You hit the jackal.
There is a sudden explosion of sparks!
You kill the jackal!
The rat completely misses you.
You are feeling very hungry.
You closely miss the rat. Your peck misses the rat.
The rat bites you but does no damage.
You hit the rat.
There is a sudden explosion of sparks!
You kill the rat!
You hit the ooze.
There is a sudden explosion of sparks!
The ooze is severely wounded.
The ooze barely misses you.
You hit the ooze but do no damage.
There is a sudden explosion of sparks!
You kill the ooze!
You barely miss the worm. You claw the worm, but do no damage.
The worm bites you!
You die...

#..............#
####.########.###
####..#######.. .## ##.
#.............. ..# ...###
#.###'#######'###.#
#......#.#..⌠...>...⌠..#.#
#......#.#......<......#.#
#......#.'⌠....###....⌠'.#
#......#.#.....†@......#.#
#......#.#######w#######.#
#........#.............#.#
.........#.............#.#
.......#.#.............#.#
.........###############.#
..........)..............#
........###..####.########
...###### #.#####.#


You could see a worm.

Vanquished Creatures
  2 jellies (D:1)
  A worm (D:1)
  6 oozes (D:1)
  3 goblins (D:1)
  2 jackals (D:1)
  3 bats (D:1)
  2 giant cockroaches (D:1)
  2 giant newts (D:1)
  3 kobolds (D:1)
  9 rats (D:1)
33 creatures vanquished.

Notes
Turn   | Place    | Note
--------------------------------------------------------------
     0 | D:1      | Razmath, the Tengu Assassin, began the quest for the Orb.
     0 | D:1      | Reached XP level 1. HP: 12/12 MP: 1/1
     0 | D:1      | Noticed a jelly
     3 | D:1      | Found a runed door.
     6 | D:1      | Noticed a jelly
   379 | D:1      | Reached XP level 2. HP: 15/17 MP: 3/3
  1222 | D:1      | Reached XP level 3. HP: 16/21 MP: 4/4
  1238 | D:1      | Killed a jelly
  1238 | D:1      | Reached skill level 1 in Unarmed Combat
  1238 | D:1      | Reached XP level 4. HP: 11/27 MP: 5/5
  1241 | D:1      | Killed a jelly
  1241 | D:1      | Reached skill level 5 in Stealth
  1247 | D:1      | Slain by a worm

Action                   |  1- 3 |  4- 6 || total
-------------------------+-------+-------++-------
Melee: Unarmed           |    41 |       ||    41
       Short sword       |    26 |     9 ||    35
Throw: Stone             |     8 |       ||     8
 Stab: Distracted        |     2 |       ||     2
       Sleeping          |     1 |       ||     1
